 Dungeon Crawl Stone Soup version 0.23.2-40-g277498a001 (webtiles) character file.

Game seed: 5626791099818349726

487 Ivernyr the Digger (level 6, 25/49 HPs)
             Began as a Deep Dwarf Earth Elementalist on Oct 11, 2019.
             Quit the game on level 4 of the Dungeon.
             The game lasted 00:11:46 (3079 turns).

Ivernyr the Digger (Deep Dwarf Earth Elementalist)  Turns: 3079, Time: 00:11:46

Health: 25/49      AC:  4    Str: 11    XL:     6   Next: 89%
Magic:  6/11       EV: 14    Int: 18    God:
Gold:   185        SH:  0    Dex: 15    Spells: 5/11 levels left

rFire    x . .     SeeInvis .   f - +0 club
rCold    + . .     Gourm    .   (no shield)
rNeg     . . .     Faith    .   c - +0 robe
rPois    .         Spirit   .   n - +0 helmet
rElec    .         Reflect  .   v - +0 cloak {+Inv}
rCorr    .         Harm     .   (no gloves)
MR       .....                  (no boots)
Stlth    ++........             (no amulet)
HPRegen  0.00/turn              p - ring of ice
MPRegen  0.12/turn              r - +2 ring of dexterity

@: mildly poisoned (25 -> 25), non-regenerating
A: damage resistance, heal wounds, sense surroundings 1, no regeneration
a: Heal Wounds, Evoke Invisibility


You were on level 4 of the Dungeon.
You were not hungry.

You visited 1 branch of the dungeon, and saw 4 of its levels.

You collected 185 gold pieces.

Inventory:

Hand Weapons
 f - a +0 club (weapon)
Armour
 c - a +0 robe (worn)
 n - a +0 helmet (worn)
 v - a +0 cloak of invisibility (worn)
Jewellery
 p - a ring of ice (left hand)
 r - a +2 ring of dexterity (right hand)
Scrolls
 e - 4 scrolls of immolation {unknown}
 g - 4 scrolls of identify {unknown}
 j - 3 scrolls of remove curse {unknown}
 k - a scroll of noise {unknown}
 l - 2 scrolls of random uselessness {unknown}
 m - 3 scrolls of magic mapping {unknown}
 o - a scroll of amnesia {unknown}
 t - 2 scrolls of fear {unknown}
Potions
 a - a potion of ambrosia {unknown}
 h - 3 potions of heal wounds {unknown}
 i - 3 potions of brilliance {unknown}
 q - a potion of cancellation {unknown}
 s - a potion of agility {unknown}
 u - a potion of degeneration {unknown}
Comestibles
 d - 6 rations
 w - 4 chunks of flesh


   Skills:
 + Level 4.4 Dodging
 - Level 2.4 Stealth
 + Level 3.4 Spellcasting
 - Level 0.8 Transmutations
 * Level 7.9 Earth Magic


You had 5 spell levels left.
You knew the following spells:

 Your Spells              Type           Power        Failure   Level  Hunger
a - Sandblast             Erth           ####..       1%          1    None
b - Passwall              Tmut/Erth      ###.....     4%          2    ##.....
c - Stone Arrow           Conj/Erth      ###...       10%         3    ###....

Your spell library contained the following spells:

 Spells                   Type           Power        Failure   Level  Hunger
 Corona                   Hex            #......      16%         1    None
 Flame Tongue             Conj/Fire      #....        16%         1    None
 Lee's Rapid Deconstruct  Erth           ####......   17%         5    ######.
 Ensorcelled Hibernation  Hex/Ice        #.....       24%         2    ##.....
 Throw Flame              Conj/Fire      #.....       24%         2    ##.....
 Petrify                  Tmut/Erth      ###.....     26%         4    ####...
 Confuse                  Hex            #.......     43%         3    ###....
 Conjure Flame            Conj/Fire      #.......     43%         3    ###....
 Dazzling Spray           Conj/Hex       #.....       43%         3    ###....
 Inner Flame              Hex/Fire       #.......     43%         3    ###....
 Tukima's Dance           Hex            #.......     43%         3    ###....
 Sticky Flame             Conj/Fire      #.......     83%         4    ####...
 Fireball                 Conj/Fire      #.........   99%         5    ######.


Dungeon Overview and Level Annotations

Branches:
Dungeon (4/15)
 Temple: D:4-7

Altars:
Ashenzari
Dithmenos
Nemelex Xobeh
Okawaru
Trog


Innate Abilities, Weirdness & Mutations

You are resistant to damage.
You can heal yourself by infusing magical energy.
You passively map a small area around you.
You do not regenerate.


Message History

The centaur skeleton barely misses you. The worker ant misses you.
The centaur skeleton hits you.
You hit the worker ant but do no damage.
The worker ant is moderately wounded.
The centaur skeleton hits you but does no damage.
The worker ant bites you.
You barely miss the worker ant.
The worker ant is moderately wounded.
The centaur skeleton hits you but does no damage.
The worker ant bites you. The adder closely misses you.
The centaur skeleton hits you. The worker ant barely misses you.
You barely miss the worker ant.
The worker ant is moderately wounded.
The adder bites you.
You are poisoned.
The adder poisons you! The centaur skeleton hits you.
The worker ant barely misses you. The adder completely misses you.
The centaur skeleton hits you. The worker ant misses you.
Okay, then.
Are you sure you want to abandon this character and quit the game? (Confirm with "yes".)

* #... #.*.#*
.......... # ,
....#.#.#.# * * ,
...#.#.#.#, * *
#.......#*# * * ,
,,* #..#..... , *
#.Z#.#.#.#. *, ,
#.S@a...... , * *
* #....###.#.*
######## #.####
.......## #.# ,* *
.#...#..######.# ,
, #######.##.....#
,
..###...##.##.##*,
###)###....##.# *
.#.()#.).....<.#
,*


You could see a worker ant, an adder and a centaur skeleton.

Vanquished Creatures
  4 orc priests
  Crazy Yiuf (D:2)
  6 orc wizards
  A worker ant (D:4)
  Robin (D:2)
  2 adders (D:2)
  2 worms
  2 dart slugs
  2 leopard geckos (D:2)
  13 orcs
  A ball python (D:2)
  8 bats
  5 giant cockroaches
  13 goblins
  9 hobgoblins
  12 jackals
  3 frilled lizards
  6 kobolds
  A quokka skeleton (D:4)
  7 rats
99 creatures vanquished.

Vanquished Creatures (others)
  5 toadstools (D:1)
5 creatures vanquished.

Grand Total: 104 creatures vanquished

Notes
Turn   | Place    | Note
-------+----------+-------------------------------------------
     0 | D:1      | Ivernyr the Deep Dwarf Earth Elementalist began the quest
                  | for the Orb.
     0 | D:1      | Reached XP level 1. HP: 15/15 MP: 3/3
    16 | D:1      | Found a shattered altar of Ashenzari.
   332 | D:1      | Reached XP level 2. HP: 20/22 MP: 0/4
   385 | D:1      | Learned a level 2 spell: Passwall
  1071 | D:2      | Reached XP level 3. HP: 28/28 MP: 4/6
  1076 | D:2      | Learned a level 3 spell: Stone Arrow
  1115 | D:2      | Reached skill level 5 in Earth Magic
  1240 | D:2      | Noticed Robin
  1255 | D:2      | Killed Robin
  1267 | D:2      | Reached XP level 4. HP: 15/36 MP: 0/7
  1463 | D:2      | Found a runed translucent door.
  1464 | D:2      | Noticed Crazy Yiuf
  1693 | D:2      | Found a sparkling altar of Nemelex Xobeh.
  1855 | D:2      | Found an iron altar of Okawaru.
  1855 | D:2      | Found a bloodstained altar of Trog.
  1856 | D:2      | Found a shadowy altar of Dithmenos.
  1920 | D:2      | Killed Crazy Yiuf
  1957 | D:3      | Reached skill level 6 in Earth Magic
  1957 | D:3      | Reached XP level 5. HP: 35/42 MP: 4/9
  2468 | D:3      | Reached XP level 6. HP: 37/49 MP: 7/10
  2477 | D:3      | Reached skill level 7 in Earth Magic
  3079 | D:4      | Quit the game

Skill      XL: |  1  2  3  4  5  6 |
---------------+-------------------+-----
Spellcasting   | 2 3 |  3.4
Earth Magic    | 5 6 7 |  7.9
Dodging        | 3 4 |  4.4
Stealth        | |  2.4
Transmutations | |  0.8

Action                   |  1- 3 |  4- 6 || total
-------------------------+-------+-------++-------
Melee: Club              |    81 |    68 ||   149
Throw: Stone             |     1 |     1 ||     2
 Cast: Sandblast         |    34 |    71 ||   105
       Stone Arrow       |     1 |     3 ||     4
 Abil: Heal Wounds       |     1 |     4 ||     5
 Stab: Sleeping          |       |     1 ||     1
  Eat: Chunk             |     2 |     6 ||     8
Armor: Robe              |    23 |    27 ||    50
Dodge: Dodged            |    93 |    94 ||   187
